| TOP OF THE 1ST |
|
Durango Desert Dogs batting - Pitching for Port-au-Prince Pirates : RHP Gregory Staffon
|
|
Pitching: RHP Gregory Staffon
|
|
|
Batting: LHB Chris Stropolo
|
0-0: Ball 1-0: Ball 2-0: Called Strike 2-1: Ball 3-1: Base on Balls
|
|
Batting: RHB Dave C Anderson
|
0-0: Swinging Strike 0-1: Ball 1-1: Swinging Strike 1-2: Strikes out swinging
|
|
Batting: SHB Mike D Young
|
0-0: Ball 1-0: Foul Ball, location: 2F 1-1: Ball 2-1: Ball Chris Stropolo steals 2nd base 3-1: Ground out 4-3 (Groundball, 4, EV 86.3 MPH) Chris Stropolo to third
|
|
Batting: LHB Greg Brock
|
0-0: Ball 1-0: Ball Wild Pitch! Chris Stropolo scores 2-0: Foul Ball, location: 2F 2-1: Foul Ball, location: 2F 2-2: Ball 3-2: Fly out, F9 (Flyball, 89M, EV 91.3 MPH)
|
| Top of the 1st over - 1 run, 0 hits, 0 errors, 0 left on base; Durango 1 - Port-au-Prince 0 |
| BOTTOM OF THE 1ST |
|
Port-au-Prince Pirates batting - Pitching for Durango Desert Dogs : RHP Edgar Cruz
|
|
Pitching: RHP Edgar Cruz
|
|
|
Batting: LHB Tim Jordan
|
0-0: Ground out U3 (Groundball, 34S, EV 88.1 MPH)
|
|
Batting: RHB Bobby Miscik
|
0-0: Called Strike 0-1: Ball 1-1: Ball 2-1: Foul Ball, location: 2F 2-2: Foul Ball, location: 2F 2-2: Ball 3-2: Foul Ball, location: 2F 3-2: Fly out, F8 (Flyball, 8LM, EV 80.6 MPH)
|
|
Batting: RHB Ronald Carapezzi
|
0-0: Called Strike 0-1: Fly out, F6 (Line Drive, 6, EV 63.1 MPH)
|
| Bottom of the 1st over - 0 runs, 0 hits, 0 errors, 0 left on base; Durango 1 - Port-au-Prince 0 |
| TOP OF THE 2ND |
|
Durango Desert Dogs batting - Pitching for Port-au-Prince Pirates : RHP Gregory Staffon
|
|
Batting: LHB Randy S Johnson
|
0-0: Ball 1-0: Ball 2-0: Fly out, F6 (Popup, 15, EV 80.0 MPH)
|
|
Batting: RHB Rusty Tillman
|
0-0: Ball 1-0: Ball 2-0: SINGLE (Line Drive, 56D, EV 101.3 MPH)
|
|
Batting: RHB Nick Capra
|
0-0: Ball 1-0: Called Strike 1-1: Ball 2-1: Foul Ball, location: 2F 2-2: Ball 3-2: SINGLE (Line Drive, 89S, EV 102.5 MPH) Rusty Tillman to second
|
|
Batting: LHB Dan Graham
|
0-0: Ball 1-0: DOUBLE (Line Drive, 9LM, EV 105.6 MPH) Rusty Tillman scores Nick Capra to third Runner from 3rd tries for Home, throw by RF and OUT! 9-4-2
|
|
Batting: SHB Dale Sveum
|
0-0: Ball 1-0: Ball 2-0: Fly out, F8 (Flyball, 8LD, EV 78.1 MPH)
|
| Top of the 2nd over - 1 run, 3 hits, 0 errors, 1 left on base; Durango 2 - Port-au-Prince 0 |
| BOTTOM OF THE 2ND |
|
Port-au-Prince Pirates batting - Pitching for Durango Desert Dogs : RHP Edgar Cruz
|
|
Batting: LHB John Edmonds
|
0-0: Ball 1-0: Foul Ball, location: 2F 1-1: Ball 2-1: Ball 3-1: Base on Balls
|
|
Batting: RHB Byron Peyton
|
0-0: Ball 1-0: Ball 2-0: Foul Ball, location: 2F 2-1: Ball 3-1: Base on Balls John Edmonds to second
|
|
Batting: RHB Augie Schmidt
|
0-0: Ball 1-0: Ball 2-0: Fly out, F8 (Flyball, 8RM, EV 83.8 MPH)
|
|
Batting: SHB David Miller
|
0-0: Ball 1-0: Ball 2-0: Called Strike 2-1: Called Strike 2-2: Strikes out swinging
|
|
Batting: RHB Gerry Melillo
|
0-0: Ball 1-0: Ball 2-0: Ball 3-0: Base on Balls John Edmonds to third Byron Peyton to second
|
|
Batting: SHB Michael Kennedy
|
0-0: Called Strike 0-1: Swinging Strike 0-2: Strikes out swinging
|
| Bottom of the 2nd over - 0 runs, 0 hits, 0 errors, 3 left on base; Durango 2 - Port-au-Prince 0 |
| TOP OF THE 3RD |
|
Durango Desert Dogs batting - Pitching for Port-au-Prince Pirates : RHP Gregory Staffon
|
|
Batting: LHB Chris Stropolo
|
0-0: Ball 1-0: Foul Ball, location: 2F 1-1: Swinging Strike 1-2: Ball 2-2: Ball 3-2: Foul Ball, location: 2F 3-2: Foul Ball, location: 2F 3-2: Base on Balls
|
|
Batting: RHB Dave C Anderson
|
0-0: Ball 1-0: Called Strike 1-1: Ball 2-1: Called Strike Chris Stropolo steals 2nd, throwing error, E2 Chris Stropolo to third 2-2: Strikes out looking
|
|
Batting: SHB Mike D Young
|
0-0: Ball 1-0: Foul Ball, location: 2F 1-1: Ball 2-1: Swinging Strike 2-2: Foul Ball, location: 2F 2-2: SINGLE (Line Drive, 6D, EV 96.9 MPH) Chris Stropolo scores
|
|
Batting: LHB Greg Brock
|
0-0: Ball 1-0: Fly out, F5 (Flyball, 56D, EV 88.1 MPH)
|
|
Batting: LHB Randy S Johnson
|
0-0: Ball 1-0: SINGLE (Groundball, 6MD, EV 111.3 MPH) Mike D Young to second Runner from 2nd tries for 3rd, SAFE, throw by CF made to third
|
|
Batting: RHB Rusty Tillman
|
0-0: Swinging Strike 0-1: Ball 1-1: Ground out 5-3 (Groundball, 56, EV 88.1 MPH)
|
| Top of the 3rd over - 1 run, 2 hits, 1 error, 2 left on base; Durango 3 - Port-au-Prince 0 |
| BOTTOM OF THE 3RD |
|
Port-au-Prince Pirates batting - Pitching for Durango Desert Dogs : RHP Edgar Cruz
|
|
Batting: LHB Tim Jordan
|
0-0: Ball 1-0: Fly out, F6 (Popup, 6MS, EV 65.6 MPH)
|
|
Batting: RHB Bobby Miscik
|
0-0: Ball 1-0: Ball 2-0: Ball 3-0: Called Strike 3-1: Swinging Strike 3-2: Strikes out looking
|
|
Batting: RHB Ronald Carapezzi
|
0-0: Called Strike 0-1: Called Strike 0-2: Ball 1-2: Foul Ball, location: 2F 1-2: Ball 2-2: Ball 3-2: Base on Balls
|
|
Batting: LHB John Edmonds
|
0-0: Ball 1-0: Called Strike 1-1: Called Strike 1-2: Ball 2-2: Ball 3-2: Foul Ball, location: 2F 3-2: Foul Ball, location: 2F 3-2: Strikes out swinging
|
| Bottom of the 3rd over - 0 runs, 0 hits, 0 errors, 1 left on base; Durango 3 - Port-au-Prince 0 |
| TOP OF THE 4TH |
|
Durango Desert Dogs batting - Pitching for Port-au-Prince Pirates : RHP Gregory Staffon
|
|
Batting: RHB Nick Capra
|
0-0: Fly out, F7 (Flyball, 7, EV 90.6 MPH)
|
|
Batting: LHB Dan Graham
|
0-0: Ball 1-0: Ball 2-0: Foul Ball, location: 2F 2-1: Swinging Strike 2-2: Ball 3-2: SOLO HOME RUN (Flyball, 89XD, EV 93.1 MPH), Distance : 402 ft
|
|
Batting: SHB Dale Sveum
|
0-0: Ball 1-0: Called Strike 1-1: Ball 2-1: Foul Ball, location: 2F 2-2: Ball 3-2: Base on Balls
|
|
Batting: LHB Chris Stropolo
|
0-0: Called Strike 0-1: Ball 1-1: Called Strike 1-2: Strikes out swinging
|
|
Batting: RHB Dave C Anderson
|
0-0: Ball 1-0: Called Strike Pickoff Throw by Catcher to First - Out!
|
| Top of the 4th over - 1 run, 1 hit, 0 errors, 0 left on base; Durango 4 - Port-au-Prince 0 |
| BOTTOM OF THE 4TH |
|
Port-au-Prince Pirates batting - Pitching for Durango Desert Dogs : RHP Edgar Cruz
|
|
Batting: RHB Byron Peyton
|
0-0: Ball 1-0: Ball 2-0: Ball 3-0: Base on Balls
|
|
Batting: RHB Augie Schmidt
|
0-0: Ball 1-0: Ball 2-0: Ball 3-0: Called Strike 3-1: Base on Balls Byron Peyton to second
|
|
Batting: SHB David Miller
|
0-0: Called Strike 0-1: Called Strike 0-2: Foul Ball, location: 2F 0-2: Ball 1-2: Foul Ball, location: 2F 1-2: Strikes out swinging
|
|
Batting: RHB Gerry Melillo
|
0-0: Grounds into double play, 6-4-3 (Groundball, 6S, EV 84.4 MPH)
|
| Bottom of the 4th over - 0 runs, 0 hits, 0 errors, 1 left on base; Durango 4 - Port-au-Prince 0 |
| TOP OF THE 5TH |
|
Durango Desert Dogs batting - Pitching for Port-au-Prince Pirates : RHP Gregory Staffon
|
|
Batting: RHB Dave C Anderson
|
0-0: Foul Ball, location: 2F 0-1: Foul Ball, location: 2F 0-2: Ball 1-2: Ball 2-2: Ball 3-2: Fly out, F9 (Flyball, 9LM, EV 84.4 MPH)
|
|
Batting: SHB Mike D Young
|
0-0: Foul Ball, location: 2F 0-1: Foul Ball, location: 2F 0-2: Ball 1-2: Strikes out looking
|
|
Batting: LHB Greg Brock
|
0-0: Ball 1-0: Ball 2-0: Ball 3-0: Base on Balls
|
|
Batting: LHB Randy S Johnson
|
0-0: Swinging Strike 0-1: Ground out 4-3 (Groundball, 34, EV 85.6 MPH)
|
| Top of the 5th over - 0 runs, 0 hits, 0 errors, 1 left on base; Durango 4 - Port-au-Prince 0 |
| BOTTOM OF THE 5TH |
|
Port-au-Prince Pirates batting - Pitching for Durango Desert Dogs : RHP Edgar Cruz
|
|
Batting: SHB Michael Kennedy
|
0-0: Ball 1-0: Called Strike 1-1: Ball 2-1: Foul Ball, location: 2F 2-2: Ball 3-2: Base on Balls
|
|
Batting: LHB Tim Jordan
|
0-0: Ball Wild Pitch! Michael Kennedy to second 1-0: Ball 2-0: Foul Ball, location: 2F 2-1: Ball 3-1: Called Strike 3-2: Base on Balls
|
|
Batting: RHB Bobby Miscik
|
0-0: Called Strike 0-1: Ball 1-1: Ball 2-1: Fly out, F3 (Flyball, 3D, EV 91.3 MPH)
|
|
Batting: RHB Ronald Carapezzi
|
0-0: Called Strike 0-1: Ball 1-1: Ball 2-1: Foul Ball, location: 2F 2-2: Ball 3-2: Fielders Choice at 2nd, 6-4 (Groundball, 6, EV 84.4 MPH) Michael Kennedy to third
|
|
Batting: LHB John Edmonds
|
0-0: Ball 1-0: Ball 2-0: Ball 3-0: Base on Balls Ronald Carapezzi to second
|
|
Batting: RHB Byron Peyton
|
0-0: Ball 1-0: Foul Ball, location: 2F 1-1: Ball 2-1: Swinging Strike 2-2: Ball 3-2: Foul Ball, location: 2F 3-2: Ground out 6-3 (Groundball, 6, EV 90.0 MPH)
|
| Bottom of the 5th over - 0 runs, 0 hits, 0 errors, 3 left on base; Durango 4 - Port-au-Prince 0 |
| TOP OF THE 6TH |
|
Durango Desert Dogs batting - Pitching for Port-au-Prince Pirates : RHP Gregory Staffon
|
|
Batting: RHB Rusty Tillman
|
0-0: Fly out, F9 (Flyball, 9S, EV 76.9 MPH)
|
|
Batting: RHB Nick Capra
|
0-0: Ball 1-0: Called Strike 1-1: Ground out 5-3 (Groundball, 56S, EV 85.0 MPH)
|
|
Batting: LHB Dan Graham
|
0-0: Called Strike 0-1: Ball 1-1: Called Strike 1-2: Fly out, F5 (Popup, 6S, EV 66.9 MPH)
|
| Top of the 6th over - 0 runs, 0 hits, 0 errors, 0 left on base; Durango 4 - Port-au-Prince 0 |
| BOTTOM OF THE 6TH |
|
Port-au-Prince Pirates batting - Pitching for Durango Desert Dogs : RHP Edgar Cruz
|
|
Batting: RHB Augie Schmidt
|
0-0: Called Strike 0-1: Ball 1-1: Ball 2-1: Called Strike 2-2: Foul Ball, location: 2F 2-2: Strikes out swinging
|
|
Batting: SHB David Miller
|
0-0: Called Strike 0-1: Swinging Strike 0-2: Ball 1-2: Ball 2-2: Ball 3-2: Strikes out swinging
|
|
Batting: RHB Gerry Melillo
|
0-0: Called Strike 0-1: Called Strike 0-2: Ball 1-2: Ball 2-2: Strikes out looking
|
| Bottom of the 6th over - 0 runs, 0 hits, 0 errors, 0 left on base; Durango 4 - Port-au-Prince 0 |
| TOP OF THE 7TH |
|
Durango Desert Dogs batting - Pitching for Port-au-Prince Pirates : RHP Gregory Staffon
|
|
Pitching: LHP Thomas Fiesthumel
|
|
|
Batting: SHB Dale Sveum
|
0-0: Ball 1-0: Foul Ball, location: 2F 1-1: Called Strike 1-2: Fly out, F9 (Flyball, 89M, EV 86.9 MPH)
|
|
Batting: LHB Chris Stropolo
|
0-0: Swinging Strike 0-1: Ball 1-1: Ball 2-1: Ball 3-1: Called Strike 3-2: Foul Ball, location: 2F 3-2: Base on Balls
|
|
Batting: RHB Dave C Anderson
|
0-0: Called Strike Chris Stropolo steals 2nd base (no throw) 0-1: Called Strike 0-2: Strikes out swinging
|
|
Batting: SHB Mike D Young
|
0-0: Ball 1-0: Called Strike 1-1: Fly out, F8 (Line Drive, 8LD, EV 90.6 MPH)
|
| Top of the 7th over - 0 runs, 0 hits, 0 errors, 1 left on base; Durango 4 - Port-au-Prince 0 |
| BOTTOM OF THE 7TH |
|
Port-au-Prince Pirates batting - Pitching for Durango Desert Dogs : RHP Edgar Cruz
|
|
Batting: SHB Michael Kennedy
|
0-0: Called Strike 0-1: Ball 1-1: Foul Ball, location: 2F 1-2: SINGLE (Groundball, 56D, EV 105.6 MPH)
|
|
Batting: LHB Tim Jordan
|
0-0: Called Strike 0-1: Ball 1-1: Ball 2-1: Foul Ball, location: 2F 2-2: Strikes out looking
|
|
Batting: RHB Bobby Miscik
|
0-0: Fly out, F8 (Line Drive, 8RM, EV 104.4 MPH)
|
|
Batting: RHB Ronald Carapezzi
|
0-0: Foul Ball, location: 2F 0-1: TRIPLE (Line Drive, 89XD, EV 100.0 MPH) Michael Kennedy scores
|
|
Batting: LHB John Edmonds
|
0-0: Called Strike 0-1: Swinging Strike 0-2: Ball 1-2: Strikes out swinging
|
| Bottom of the 7th over - 1 run, 2 hits, 0 errors, 1 left on base; Durango 4 - Port-au-Prince 1 |
| TOP OF THE 8TH |
|
Durango Desert Dogs batting - Pitching for Port-au-Prince Pirates : LHP Thomas Fiesthumel
|
|
Batting: LHB Greg Brock
|
0-0: Ball 1-0: Ball 2-0: Called Strike 2-1: SINGLE (Groundball, 25, EV 75.0 MPH) (infield hit)
|
|
Batting: LHB Randy S Johnson
|
0-0: DOUBLE (Flyball, 78D, EV 113.8 MPH) Greg Brock to third Runner from 3rd tries for Home, SAFE, throw by CF to home
|
|
Batting: RHB Rusty Tillman
|
0-0: Ball 1-0: DOUBLE (Line Drive, 78XD, EV 105.0 MPH) Randy S Johnson scores
|
|
Batting: RHB Nick Capra
|
0-0: Ball 1-0: Called Strike 1-1: Called Strike 1-2: Foul Ball, location: 2F 1-2: Strikes out swinging
|
|
Batting: LHB Dan Graham
|
0-0: Ball 1-0: Ball 2-0: Ball 3-0: Called Strike 3-1: Foul Ball, location: 2F 3-2: Foul Ball, location: 2F 3-2: Foul Ball, location: 2F 3-2: Ground out U3 (Groundball, 34, EV 90.6 MPH) Rusty Tillman to third
|
|
Batting: SHB Dale Sveum
|
0-0: Ball 1-0: Fly out, F8 (Line Drive, 8LD, EV 95.0 MPH)
|
| Top of the 8th over - 2 runs, 3 hits, 0 errors, 1 left on base; Durango 6 - Port-au-Prince 1 |
| BOTTOM OF THE 8TH |
|
Port-au-Prince Pirates batting - Pitching for Durango Desert Dogs : RHP Edgar Cruz
|
|
Batting: RHB Byron Peyton
|
0-0: Ball 1-0: Ball 2-0: Called Strike 2-1: Ball 3-1: Base on Balls
|
|
Batting: RHB Augie Schmidt
|
0-0: Ball 1-0: Swinging Strike 1-1: Foul Ball, location: 2F 1-2: Ball 2-2: Ball 3-2: Foul Ball, location: 2F 3-2: Base on Balls Byron Peyton to second
|
|
Pitching: RHP William Bellomo
|
|
|
Batting: SHB David Miller
|
0-0: Called Strike 0-1: Ball 1-1: Fielders Choice at 2nd, 4-6 (Groundball, 4, EV 106.9 MPH) Byron Peyton to third
|
|
Batting: RHB Gerry Melillo
|
0-0: Foul Ball, location: 2F 0-1: Grounds into double play, 4-6-3 (Groundball, 4, EV 80.6 MPH)
|
| Bottom of the 8th over - 0 runs, 0 hits, 0 errors, 1 left on base; Durango 6 - Port-au-Prince 1 |
| TOP OF THE 9TH |
|
Durango Desert Dogs batting - Pitching for Port-au-Prince Pirates : LHP Thomas Fiesthumel
|
|
Batting: LHB Chris Stropolo
|
0-0: Ball 1-0: Foul Ball, location: 2F 1-1: Foul Ball, location: 2F 1-2: Ball 2-2: Foul Ball, location: 2F 2-2: Ball 3-2: Ground out 1-3 (Groundball, 13S, EV 68.8 MPH)
|
|
Batting: RHB Dave C Anderson
|
0-0: Fly out, F4 (Popup, 4, EV 65.6 MPH)
|
|
Batting: SHB Mike D Young
|
0-0: Ball 1-0: Foul Ball, location: 2F 1-1: Fly out, F6 (Popup, 6MS, EV 81.3 MPH)
|
| Top of the 9th over - 0 runs, 0 hits, 0 errors, 0 left on base; Durango 6 - Port-au-Prince 1 |
| BOTTOM OF THE 9TH |
|
Port-au-Prince Pirates batting - Pitching for Durango Desert Dogs : RHP William Bellomo
|
|
Batting: SHB Michael Kennedy
|
0-0: Foul Ball, location: 2F 0-1: Ball 1-1: Ground out 1-5-3 (Groundball, 15S, EV 105.6 MPH)
|
|
Batting: LHB Tim Jordan
|
0-0: Ball 1-0: Called Strike 1-1: Ball 2-1: Foul Ball, location: 2F 2-2: SINGLE (Line Drive, 9S, EV 107.5 MPH)
|
|
Batting: RHB Bobby Miscik
|
0-0: Foul Ball, location: 2F 0-1: Swinging Strike 0-2: Fly out, F7 (Flyball, 7S, EV 85.6 MPH)
|
|
Batting: RHB Ronald Carapezzi
|
0-0: Ball 1-0: Ball 2-0: Ball 3-0: Called Strike 3-1: Foul Ball, location: 2F 3-2: SINGLE (Groundball, 6D, EV 102.5 MPH) Tim Jordan to second Tim Jordan to third
|
|
Batting: LHB John Edmonds
|
0-0: Ball 1-0: SINGLE (Groundball, 34D, EV 98.8 MPH) Tim Jordan scores Ronald Carapezzi to second
|
|
Pitching: RHP Dan Quisenberry
|
|
|
Batting: RHB Byron Peyton
|
0-0: Called Strike 0-1: Ball 1-1: Ground out 4-3 (Groundball, 4MS, EV 87.5 MPH)
|
| Bottom of the 9th over - 1 run, 3 hits, 0 errors, 2 left on base; Durango 6 - Port-au-Prince 2 |
|